 Dungeon Crawl Stone Soup version 0.25.1-8-g42b30a86e7 (webtiles) character file.

Game seed: 4026046084629389906

35 pokeman the Magician (level 3, -1/20 HPs)
             Began as a Deep Elf Wizard on Dec 15, 2020.
             Killed from afar by a dart slug (5 damage)
             ... with a slug dart
             ... on level 2 of the Dungeon.
             The game lasted 00:01:43 (1249 turns).

pokeman the Magician (Deep Elf Wizard)              Turns: 1249, Time: 00:01:44

Health: -1/20      AC:  3    Str:  4    XL:     3   Next: 17%
Magic:  3/11       EV: 15    Int: 23    God:
Gold:   88         SH:  0    Dex: 13    Spells: 11/12 levels left

rFire    . . .     SeeInvis .   (no weapon)
rCold    . . .     Gourm    .   (no shield)
rNeg     . . .     Faith    .   e - +0 leather armour (curse)
rPois    .         Spirit   .   b - +0 hat
rElec    .         Reflect  .   (no cloak)
rCorr    .         Harm     .   (no gloves)
MR       .....                  (no boots)
Stlth    ++........             (no amulet)
HPRegen  0.06/turn              k - +4 ring of evasion
MPRegen  0.12/turn              (no ring)

@: very slightly contaminated
A: no striking features
a: no special abilities


You were on level 2 of the Dungeon.
You were not hungry.

You visited 1 branch of the dungeon, and saw 2 of its levels.

You collected 88 gold pieces.

Inventory:

Armour
 b - a +0 hat (worn)
 e - a cursed +0 leather armour (worn)
Jewellery
 k - a +4 ring of evasion (left hand)
Scrolls
 a - 3 scrolls of identify {unknown}
 f - a scroll of enchant armour {unknown}
 h - a scroll of enchant weapon {unknown}
 i - a scroll of blinking {unknown}
 j - a scroll of magic mapping {unknown}
 l - a scroll of remove curse {unknown}
Potions
 g - a potion of resistance {unknown}
Comestibles
 c - a chunk of flesh
 d - 2 rations


   Skills:
 + Level 0.8 Fighting
 + Level 0.8 Armour
 - Level 2.4 Dodging
 - Level 2.4 Stealth
 * Level 5.1 Spellcasting
 + Level 1.8 Conjurations
   Level 1.1 Summonings
   Level 1.1 Translocations


You had 11 spell levels left.
You knew the following spells:

 Your Spells              Type           Power        Failure   Level  Hunger
a - Magic Dart            Conj           ##..         8%          1    None

Your spell library contained the following spells:

 Spells                   Type           Power        Failure   Level  Hunger
 Blink                    Tloc           N/A          16%         2    None
 Call Imp                 Summ           ##......     16%         2    None
 Slow                     Hex            #.......     24%         2    None
 Conjure Flame            Conj/Fire      ##......     32%         3    ##.....
 Mephitic Cloud           Conj/Pois/Air  #.......     36%         3    ##.....


Dungeon Overview and Level Annotations

Branches:
Dungeon (2/15)

Altars:


Message History

Press: ? - help, Shift-Dir - straight line, f/p - gnoll
Aim: a gnoll (almost dead)
The magic dart hits the gnoll.
You kill the gnoll!
You have reached level 3!
Your experience leads to an increase in your attributes!
Increase (S)trength, (I)ntelligence, or (D)exterity?
You feel clever.
A dart slug is nearby!
A gnoll comes into view. It is wielding a +0 spear.
The gnoll hits you from afar with a +0 spear.
The gnoll hits you with a +0 spear.
The gnoll hits you from afar with a +0 spear.
* * * LOW HITPOINT WARNING * * *
The gnoll hits you from afar with a +0 spear.
* * * LOW HITPOINT WARNING * * *
The gnoll barely misses you. The dart slug launches a dart at you.
The slug dart hits you.
You die...

#.........# #......
#####..#### #####......
###..## #..........
#.....# #.###......
#.....# ###.# #......
#...g.## ##...# #......
#....w.####..### ##.##.#
#.......##..######..##.#
#....#.@##......##.###.#
#.....#.....###.#..###.#
#.....#..#.## .........
#.....#..#.# ##.####..
#.†......#.. .. #..
#..†.......... ... #..
#.............. #..
#............... ......
#................ .###>.


You could see a gnoll and a dart slug.

Vanquished Creatures
  A gnoll (D:2)
  3 giant cockroaches
  3 goblins (D:1)
  2 hobgoblins (D:1)
  5 jackals
  2 kobolds (D:1)
  2 bats (D:1)
  3 frilled lizards
  4 rats (D:1)
25 creatures vanquished.

Notes
Turn   | Place    | Note
-------+----------+-------------------------------------------
     0 | D:1      | pokeman the Deep Elf Wizard began the quest for the Orb.
     0 | D:1      | Reached XP level 1. HP: 10/10 MP: 7/7
   222 | D:1      | Reached XP level 2. HP: 16/16 MP: 6/9
  1074 | D:2      | Reached skill level 5 in Spellcasting
  1227 | D:2      | Reached XP level 3. HP: 20/20 MP: 0/11
  1249 | D:2      | Killed from afar by a dart slug

Illustrated notes

Levels and vault maps discovered:
D:1:      saegor_arrival_miasma, layout_basic
D:2:      cheibrodos_old_hovel, layout_rooms,
          grunt_temple_overflow_growth_and_decay, minmay_misc_feat_hallway

Skill      XL: |  1  2 |
---------------+-------+-----
Spellcasting   | 5 |  5.1
Fighting       | |  0.8
Armour         | |  0.8
Dodging        | |  2.4
Stealth        | |  2.4
Conjurations   | |  1.8
Summonings     | |  1.1
Translocations | |  1.1

Action                   || total
-------------------------++-------
Melee: Unarmed           ||     1
 Cast: Magic Dart        ||    58
  Eat: Chunk             ||     1
Armor: Leather armour    ||     1
Dodge: Dodged            ||    11
